 Dungeon Sprint DCSS version 0.30-a0-930-gb9d0489357 (webtiles) character file.

Game seed: 8146823733692715564

1474 fozzywoppz the Grappler (level 8, -2/68 HPs)
             Began as a Demonspawn Fighter on Mar 24, 2023.
             Was an Initiate of Jiyva.
             Shot with an arrow by a centaur warrior (4 damage)
             ... in the Dungeon (Sprint IX: "|||||||||||||||||||||||||||||").
             The game lasted 00:02:09 (222 turns).

fozzywoppz the Grappler (Demonspawn Fighter)         Turns: 222, Time: 00:02:10

Health: -2/68      AC: 21    Str: 17    XL:     8   Next: 49%
Magic:  8/8        EV:  9    Int:  9    God:    Jiyva [......]
Gold:   0          SH:  6    Dex: 15    Spells: 7/7 levels left

rFire   . . .      SeeInvis .      - Unarmed
rCold   . . .      Faith    .    b - +0 buckler
rNeg    . . .      Spirit   .    n - +1 chain mail
rPois   .          Reflect  .    (helmet restricted)
rElec   .          Rampage  .    (no cloak)
rCorr   .          NoTele   +    (no gloves)
Will    .....                    a - +0 pair of boots Stlth
                                 (no amulet)
HPRegen 0.31/turn                l - +2 ring of evasion
MPRegen 0.11/turn                m - +2 ring of protection

@: mighty, sanguine armoured, slowed, very slow
A: antennae 1, powered by pain 1, sanguine armour 1
a: Renounce Religion


You were in the Dungeon.
You worshipped Jiyva.
Jiyva was noncommittal.
You visited 1 branch

Inventory:

Armour
 a - a +0 pair of boots (worn)
 b - a +0 buckler (worn)
 n - a +1 chain mail (worn)
 o - a +0 helmet
Jewellery
 l - a +2 ring of evasion (left hand)
 m - a +2 ring of protection (right hand)
Wands
 k - a wand of roots (7)
Scrolls
 i - a scroll of blinking
 j - 2 scrolls of amnesia
Potions
 d - 5 potions of curing
 g - 4 potions of magic
 h - a potion of invisibility


   Skills:
 - Level 8.0 Fighting
 - Level 8.0 Armour
 - Level 8.0 Shields
 + Level 12.4 Unarmed Combat


You had 7 spell levels left.
You didn't know any spells.
Your spell library was empty.

Dungeon Overview and Level Annotations

Branches:
Dungeon (1/1)

Altars:
Cheibriados
Dithmenos
Fedhas
Gozag
Hepliaklqana
Kikubaaqudgha
Makhleb
Nemelex Xobeh
Okawaru
Qazlal
Ru
Sif Muna
Trog
Uskayaw
Vehumet
Wu Jian
Xom
Yredelemnul
Jiyva
Lugonu


Innate Abilities, Weirdness & Mutations

You have a pair of small antennae on your head.
You sometimes gain a little power by taking damage.
When seriously injured, your blood forms armour. (AC +6)


Message History

The boulder beetle bites you.
* * * LOW HITPOINT WARNING * * *
The centaur warrior shoots an arrow.
The arrow hits you but does no damage.
Your Unarmed Combat skill increases to level 12!
Blink to where?
Press: ? - help, Dir - move target
As you read the scroll of blinking, it crumbles to dust.
Aiming: Fastroot
Press: ? - help, Shift-Dir - straight line, f - boulder beetle
Aim: a boulder beetle (heavily wounded)
The roots erupt in riotous growth!
Roots grab the boulder beetle.
The grasping roots constrict the boulder beetle, but do no damage.
The boulder beetle struggles to escape constriction. x2
Aiming: Fastroot
Press: ? - help, Shift-Dir - straight line, f - centaur warrior, p - boulder beetle
Aim: a centaur warrior, wielding a +0 shortbow and wearing a +0 robe The roots erupt in riotous growth!
The boulder beetle is unaffected.
Roots grab the centaur warrior.
The grasping roots constrict the boulder beetle, but do no damage.
The grasping roots constrict the centaur warrior!
The roots release their grip on the boulder beetle.
The roots release their grip on the centaur warrior.
The boulder beetle curls into a ball and begins rolling!
Aiming: Fastroot
Press: ? - help, Shift-Dir - straight line, f/p - centaur warrior
Aim: a centaur warrior, wielding a +0 shortbow and wearing a +0 robe (lightly wounded)
The roots erupt in riotous growth!
Roots grab the boulder beetle.
Roots grab the centaur warrior.
The grasping roots constrict the boulder beetle.
The grasping roots constrict the centaur warrior.
The boulder beetle escapes!
The centaur warrior escapes!
You feel much better. The boulder beetle hits you!!
* * * LOW HITPOINT WARNING * * *
You focus on the pain.
You feel mightier all of a sudden.
The boulder beetle stops rolling and uncurls.
The boulder beetle leaps!
The centaur warrior shoots an arrow.
The arrow hits you.
You die...

▓.▓
▓'▓
▓.▓
▓.▓
▓°▓
▓y▓
▓c▓
▓○▓
▓@▓
▓.▓
▓.▓
▓[▓
▓.▓
▓.▓
▓B▓
▓)▓
▓.▓


You could see a boulder beetle, a centaur warrior and a vampire mosquito.

Vanquished Creatures
  A two-headed ogre (D)
  2 wraiths (D)
  2 yaks (D)
  A steam dragon (D)
  A kobold brigand (D)
  A scorpion (D)
  A hound (D)
  An iguana (D)
  An adder (D)
  An ufetubus (D)
  A dart slug (D)
  A giant cockroach (D)
  A hobgoblin (D)
  A frilled lizard (D)
  A goblin (D)
17 creatures vanquished.

Vanquished Creatures (others)
  A great orb of eyes (D)
  A kobold demonologist (D)
  2 slime creatures (D)
  A redback (shapeshifter) (D)
5 creatures vanquished.

Grand Total: 22 creatures vanquished

Notes
Turn   | Place    | Note
-------+----------+-------------------------------------------
     0 | D        | fozzywoppz the Demonspawn Fighter began the quest for the
                  | Orb.
     0 | D        | Reached XP level 1. HP: 18/18 MP: 1/1
     8 | D        | Reached skill level 2 in Unarmed Combat
    41 | D        | Noticed a scorpion
    41 | D        | Noticed a hound
    41 | D        | Noticed an iguana
    44 | D        | Killed an iguana
    45 | D        | Reached skill level 3 in Unarmed Combat
    45 | D        | Gained mutation: You sometimes gain a little power by
                  | taking damage. [demonic ancestry]
    45 | D        | Reached XP level 2. HP: 25/25 MP: 2/2
    45 | D        | Reached XP level 3. HP: 30/30 MP: 3/3
    53 | D        | Reached skill level 5 in Fighting
    53 | D        | Reached skill level 4 in Unarmed Combat
    53 | D        | Gained mutation: When seriously injured, your blood forms
                  | armour. (AC +6) [demonic ancestry]
    53 | D        | Reached XP level 4. HP: 39/39 MP: 4/4
    55 | D        | Killed a scorpion
    56 | D        | Reached skill level 5 in Armour
    56 | D        | Reached skill level 5 in Shields
    56 | D        | Reached XP level 5. HP: 46/46 MP: 5/5
    64 | D        | Found a snail-covered altar of Cheibriados.
    64 | D        | Found a shadowy altar of Dithmenos.
    64 | D        | Found a blossoming altar of Fedhas.
    64 | D        | Found an opulent altar of Gozag.
    65 | D        | Found a hazy altar of Hepliaklqana.
    66 | D        | Found a viscous altar of Jiyva.
    67 | D        | Found an ancient bone altar of Kikubaaqudgha.
    68 | D        | Found a corrupted altar of Lugonu.
    69 | D        | Found a burning altar of Makhleb.
    70 | D        | Found a sparkling altar of Nemelex Xobeh.
    71 | D        | Found an iron altar of Okawaru.
    72 | D        | Found a stormy altar of Qazlal.
    73 | D        | Found a sacrificial altar of Ru.
    81 | D        | Became a worshipper of Jiyva Joigupam the Shapeless
    82 | D        | Found a shimmering blue altar of Sif Muna.
    83 | D        | Found a bloodstained altar of Trog.
    84 | D        | Found a hide-covered altar of Uskayaw.
    85 | D        | Found a radiant altar of Vehumet.
    85 | D        | Killed a slime creature
    85 | D        | Killed a great orb of eyes
    85 | D        | Killed a kobold demonologist
    86 | D        | Found an ornate altar of the Wu Jian Council.
    87 | D        | Found a shimmering altar of Xom.
    88 | D        | Found a basalt altar of Yredelemnul.
    88 | D        | Killed a slime creature
    98 | D        | Killed a redback
   152 | D        | Noticed a two-headed ogre
   152 | D        | Noticed a wraith
   152 | D        | Noticed a yak
   152 | D        | Noticed a steam dragon
   152 | D        | Noticed a yak
   159 | D        | Killed a yak
   160 | D        | Reached skill level 5 in Unarmed Combat
   160 | D        | Reached XP level 6. HP: 47/53 MP: 6/6
   165 | D        | Reached skill level 6 in Unarmed Combat
   168 | D        | Killed a steam dragon
   174 | D        | Killed a yak
   175 | D        | Reached skill level 7 in Unarmed Combat
   175 | D        | Reached XP level 7. HP: 46/62 MP: 7/7
   186 | D        | Killed a wraith
   187 | D        | Reached skill level 8 in Unarmed Combat
   194 | D        | Killed a two-headed ogre
   195 | D        | Reached skill level 11 in Unarmed Combat
   195 | D        | Gained mutation: You have a pair of small antennae on your
                  | head. [demonic ancestry]
   195 | D        | Reached XP level 8. HP: 24/68 MP: 8/8
   202 | D        | Noticed a boulder beetle
   202 | D        | Noticed a centaur warrior
   217 | D        | HP: 2/68 [boulder beetle (6)]
   218 | D        | Reached skill level 12 in Unarmed Combat
   222 | D        | HP: 2/68 [boulder beetle (21)]
   222 | D        | Shot with an arrow by a centaur warrior

Illustrated notes

Levels and vault maps discovered:
D:        linesprint [early_d, line_temple, items_1, d_10, items_2, lair_1,
          lair_end, items_3, orc_1, orc_end, items_4, d_15, swamp_1, shoals_1,
          snake_1, spider_1, d_20, vaults_1, items_5, swamp_end, shoals_end,
          snake_end, spider_end, vaults_end, d_27, items_6, zot_1, zot_end,
          crypt_end, forest_end, elf_end, slime_end, tomb_end, abyss_end,
          pan_hell_end]

Skill      XL: |  1  2  3  4  5  6  7  8 |
---------------+-------------------------+-----
Unarmed Combat | 3 4 5 7 11 12 | 12.4
Armour         | 3 4 5 6 7 8 |  8.0
Shields        | 3 4 5 6 7 8 |  8.0
Fighting       | 4 5 6 8 |  8.0

Action                     |  1- 3 |  4- 6 |  7- 9 || total
---------------------------+-------+-------+-------++-------
  Melee: Unarmed           |    41 |    22 |    34 ||    97
  Evoke: Wand              |       |       |     3 ||     3
    Use: Potion            |     1 |     2 |     3 ||     6
         Scroll            |       |       |     1 ||     1
 Armour: Scale mail        |    12 |       |       ||    12
         Chain mail        |       |     6 |     5 ||    11
  Dodge: Dodged            |    11 |     6 |     5 ||    22
  Block: Buckler           |     4 |     3 |     3 ||    10

Table legend: (Time is in decaauts)
 A = Elapsed time spent in this place.
 B = Non-inter-level travel time spent in this place.
 C = Inter-level travel time spent in this place.
 D = Time resting spent in this place.
 E = Time spent auto-exploring this place.
 F = Levels seen in this place.
 G = Mean time per level.
                   A        B        C        D        E       F      G
               +--------+--------+--------+--------+--------+-----+--------+
         Total |    207 |    207 |      0 |      8 |      0 |   1 |  207.0 |
       Dungeon |    207 |    207 |      0 |      8 |      0 |   1 |  207.0 |
               +--------+--------+--------+--------+--------+-----+--------+

Top non-repeatable levels by time:
       D: 207 daAuts
